[Event "27th European Club Cup for Men"]
[Site "Rogaska Slatina/Slovenia"]
[Date "2011.09.25"]
[Round "1"]
[White "Sutovsky, Emil"]
[Black "Schaefer, Markus"]
[Result "1-0"]
[ECO "C14"]
[WhiteElo "2690"]
[BlackElo "2399"]
[Annotator "Robot 3"]
[PlyCount "87"]
[EventDate "2011.??.??"]
[TimeControl "40/5400+30:1800+30"]

1. e4 e6 2. d4 d5 3. Nc3 Nf6 4. Bg5 Be7 5. e5 Nfd7 6. Bxe7 Qxe7 7. f4 O-O 8.
Nf3 c5 9. Qd2 Nc6 10. dxc5 Nxc5 11. O-O-O a6 12. Bd3 b5 13. Qe3 Nxd3+ 14. Rxd3
f5 15. exf6 Qxf6 16. g3 Bd7 17. Re1 a5 18. Qc5 b4 19. Nxd5 exd5 20. Qxd5+ Rf7
21. Ng5 Raf8 22. Nxf7 Rxf7 23. Qc5 Qf5 24. Rd5 Qh3 25. f5 h6 26. Rxd7 Rxd7 27.
Qxc6 Qxf5 28. Qe6+ Rf7 29. b3 Qf2 30. Rd1 Kh7 31. Qe4+ g6 32. Qe5 Qb6 33. Rd5
Rc7 34. Rxa5 Qc6 35. Qe2 Qf6 36. Re5 Ra7 37. Kb1 Rd7 38. Re4 Qd6 39. Qe1 Rb7
40. Re6 Qc5 41. Qe4 Rg7 42. h4 h5 43. Re5 Qg1+ 44. Kb2 1-0